 Dungeon Crawl Stone Soup version 0.31-a0-700-gf13585253f (webtiles) character file.

Game seed: 13338252540279029468

2377 Xavori the Covert (level 9, -8/61 HPs)
             Began as an Octopode Chaos Knight on Sept 7, 2023.
             Was a Plaything of Xom.
             Mangled by an orc warrior
             ... wielding a +0 hand axe
              (16 damage)
             ... in a bailey.
             The game lasted 00:08:35 (10123 turns).

Xavori the Covert (Octopode Chaos Knight)          Turns: 10123, Time: 00:08:37

Health: -8/61      AC:  5    Str: 11    XL:     9   Next: 45%
Magic:  9/9        EV: 15    Int: 24    God:    Xom [.*....]
Gold:   497        SH:  4    Dex: 14    Spells: 8/8 levels left

rFire   + + +        w - +10 dagger of the Endless Realms {drain, rPois rC+}
rCold   + + .        o - +0 buckler
rNeg    . . .        (helmet restricted)
rPois   +            (no amulet)
rElec   .            e - +6 ring of intelligence
rCorr   .            (no ring)
SInv    .            (no ring)
Will    +....        (no ring)
Stlth   +++++        (no ring)
HPRegen 0.30/turn    (no ring)
MPRegen 0.11/turn    (no ring)
                     (no ring)

%: clarity
@: no status effects
A: almost no armour, amphibious, 8 rings, camouflage 1, gelatinous body 1,
(nimble swimmer 1), tentacles, beak, iridescent scales 1, clarity, clever 1,
cold resistance 1, fire resistance 3, strong-willed 1, poison resistance, shaggy
fur 2, wild magic 2
a: Renounce Religion


You were in a bailey.
You worshipped Xom.
You were a plaything of Xom.
You visited 1 branch of the dungeon, and saw 8 of its levels.
You also visited: Sewer and Bailey.

You collected 497 gold pieces.

Inventory:

Hand Weapons
 w - the +10 dagger of the Endless Realms (weapon) {drain, rPois rC+}
   (You found it on level 7 of the Dungeon)

   rC+:       It protects you from cold.
   rPois:     It protects you from poison
Missiles
 v - a throwing net
Armour
 o - a +0 buckler (worn)
Jewellery
 e - a +6 ring of intelligence (left tentacle)
 x - a +4 ring of protection
 z - a ring of willpower
Wands
 j - a wand of light (5)
 n - a wand of polymorph (13)
Scrolls
 b - a scroll of butterflies
 f - a scroll of immolation
 g - a scroll of amnesia
 i - 3 scrolls of identify
 p - 2 scrolls of teleportation
 t - a scroll of enchant armour
 y - a scroll of fog
Potions
 a - a potion of haste {unknown}
 c - 2 potions of mutation {unknown}
 d - 3 potions of resistance {unknown}
 h - a potion of curing {unknown}
 k - 3 potions of degeneration
 l - 2 potions of might {unknown}
 m - 5 potions of enlightenment
 q - 3 potions of heal wounds
 r - a potion of invisibility {unknown}
 s - 2 potions of attraction {unknown}
 u - 2 potions of ambrosia


   Skills:
 + Level 5.6 Fighting
 + Level 6.3 Short Blades
 + Level 5.9 Dodging
 + Level 9.8 Stealth
 + Level 1.3 Shields
 * Level 4.4 Evocations


You had 8 spell levels left.
You didn't know any spells.
Your spell library contained the following spells:

 Spells                   Type           Power      Damage    Failure   Level
 Slow                     Hex            0%         N/A       38%         1
 Static Discharge         Conj/Air       0%         2-2/arc   50%         2
 Confusing Touch          Hex            0%         N/A       71%         3
 Hailstorm                Conj/Ice       0%         3d3       71%         3
 Sigil of Binding         Hex            0%         N/A       71%         3
 Vampiric Draining        Necr           0%         2d6       71%         3
 Airstrike                Air            0%         2d(0-16)  97%         4
 Summon Ice Beast         Ice/Summ       0%         N/A       97%         4
 Summon Lightning Spire   Summ/Air       0%         N/A       97%         4
 Iskenderun's Battlesphe  Conj           0%         2d6       100%        5
 Leda's Unmaking          Conj/Erth      0%         9d1       100%        6
 Simulacrum               Ice/Necr       0%         N/A       100%        6
 Spellforged Servitor     Conj/Summ      0%         N/A       100%        7


Dungeon Overview and Level Annotations

Branches:
Dungeon (8/15)             Temple (0/1) D:5           Sewer (visited)
 Bailey (1/1)
   Lair: D:8-11

Altars:
Cheibriados
Fedhas
Hepliaklqana
Kikubaaqudgha
Nemelex Xobeh
Qazlal
Vehumet
Zin
The Shining One

Shops:
D:3 (


Innate Abilities, Weirdness & Mutations

You cannot wear most types of armour.
You are amphibious.
You can wear up to eight rings at the same time.
Your skin changes colour to match your surroundings (Stealth+).
Your rubbery body absorbs attacks. (AC +1, EV +1)
((You are camouflaged when in or above water. (Stealth+)))
You have tentacles for arms and can constrict up to eight enemies at once.
You have a beak for a mouth.
You are partially covered in iridescent scales. (AC +2)
You possess an exceptional clarity of mind.
Your mind is acute. (Int +4, Str/Dex -1)
Your flesh is cold resistant. (rC+)
Your flesh is almost immune to the effects of heat. (rF+++)
You are strong-willed. (Will+)
Your system is resistant to poisons. (rPois)
You are covered in thick fur. (AC +2)
Your spells are harder to cast, but more powerful.


Message History

You impale the orc warrior!!
You kill the orc warrior!
You hit the orc knight. You grab the orc knight. You squeeze the orc knight.
The orc knight is moderately wounded.
You constrict the orc knight, but do no damage.
The orc knight hits you with a +0 war axe!
The orc warrior hits you with a +0 hand axe!!
* * * LOW HITPOINT WARNING * * *
Xom is highly amused!
The orc hits you but does no damage.
Okay, then.
You feel much better.
You constrict the orc knight, but do no damage.
The orc knight closely misses you.
The orc warrior hits you with a +0 hand axe!!
* * * LOW HITPOINT WARNING * * *
Xom thinks this is hilarious!
You block the orc's attack.
You feel much better.
You constrict the orc knight, but do no damage.
Xom grants you insight.
You detect items!
You are now a plaything of Xom.
The orc knight hits you with a +0 war axe!
* * * LOW HITPOINT WARNING * * *
The orc warrior closely misses you. The orc hits you with a +0 hand axe.
* * * LOW HITPOINT WARNING * * *
You hit the orc knight. You drain the orc knight.
The orc knight is moderately wounded.
You constrict the orc knight.
The orc knight struggles to escape constriction.
The orc warrior closely misses you. The orc misses you.
Unknown command.
You hit the orc knight but do no damage.
You squeeze the orc knight, but do no damage.
The orc knight is moderately wounded.
You constrict the orc knight. The orc knight barely misses you.
The orc warrior hits you with a +0 hand axe!
You die...
Xom titters!

## ##.###
###.....###
##.........##
#...........#
+...........#
#..)o.⌠.....#
#..@o.......#
#...o.......#
##)........###
###)....#'#.###
♣♣
###)###.....###♣.
∆###.).......##.
∆∆#.).........#.
∆∆#.).........'.
∆∆#.....⌠.....'.


You could see an orc knight (blind, drained), an orc warrior (strong) and an orc
(strong).

Vanquished Creatures
  A wyvern (D:6)
  A steam dragon (D:8)
  Edmund (D:4)
  2 water moccasins
  An orc warrior (Bailey)
  2 ice beasts
  A sky beast (D:4)
  3 ogres
  A kobold brigand (D:6)
  2 scorpions
  Dowan (D:4)
  A killer bee (Sewer)
  2 hounds (D:5)
  2 jellies (D:6)
  An orc priest (D:6)
  5 iguanas
  3 orc wizards
  3 gnolls (D:7)
  10 adders
  7 river rats
  4 worms
  5 dart slugs
  14 orcs
  7 bats
  12 endoplasms
  7 giant cockroaches
  8 goblins
  8 hobgoblins
  11 jackals
  11 kobolds
  7 quokkas
  10 ball pythons
  13 frilled lizards
  4 rats
171 creatures vanquished.

Vanquished Creatures (collateral kills)
  A steam dragon (D:3)
  2 orc wizards (D:3)
  2 dart slugs (D:3)
  An orc (D:3)
  A rat (D:3)
7 creatures vanquished.

Grand Total: 178 creatures vanquished

Notes
Turn   | Place    | Note
-------+----------+-------------------------------------------
     0 | D:1      | Xavori the Octopode Chaos Knight began the quest for the
                  | Orb.
     0 | D:1      | Reached XP level 1. HP: 16/16 MP: 1/1
    88 | D:1      | XOM: butterfly on damage
   183 | D:1      | XOM: potion effect (might)
   187 | D:1      | Reached XP level 2. HP: 16/21 MP: 2/2
   301 | D:1      | XOM: divination: detect items
   307 | D:1      | Reached skill level 1 in Stealth
   462 | D:1      | XOM: cloud trail
   555 | D:1      | XOM: divination: magic mapping
   578 | D:1      | XOM: silly message
   615 | D:1      | XOM: cloud trail
   796 | D:1      | Reached XP level 3. HP: 20/26 MP: 3/3
   878 | D:1      | XOM: divination: detect items
  1454 | D:1      | XOM: give mutations
  1454 | D:1      | Gained mutation: Your spells are a little harder to cast,
                  | but a little more powerful. [Xom's grace]
  1454 | D:1      | Gained mutation: Your spells are harder to cast, but more
                  | powerful. [Xom's grace]
  1454 | D:1      | Gained mutation: You are strong-willed. (Will+) [Xom's
                  | grace]
  1454 | D:1      | Gained mutation: Your system is resistant to poisons.
                  | (rPois) [Xom's grace]
  1982 | D:1      | XOM: give mutations
  1982 | D:1      | Gained mutation: You are covered in fur. (AC +1) [Xom's
                  | grace]
  1982 | D:1      | Gained mutation: Your flesh is cold resistant. (rC+) [Xom's
                  | grace]
  1982 | D:1      | Gained mutation: Your flesh is heat resistant. (rF+) [Xom's
                  | grace]
  2261 | D:1      | XOM: god gift: 20 gold pieces
  2319 | D:1      | XOM: god gift: 5 stones
  2871 | D:1      | XOM: god gift: dark potion {god gift}
  3317 | D:1      | XOM: god gift: 48 gold pieces
  3750 | D:1      | XOM: divination: magic mapping
  3897 | D:1      | XOM is BORED!
  3897 | D:1      | XOM: give mutation
  3897 | D:1      | Lost mutation: You are covered in fur. (AC +1) [Xom's
                  | mischief]
  3914 | D:1      | XOM: give mutations
  3914 | D:1      | Gained mutation: You possess an exceptional clarity of
                  | mind. [Xom's grace]
  3914 | D:1      | Gained mutation: You are partially covered in iridescent
                  | scales. (AC +2) [Xom's grace]
  3914 | D:1      | Gained mutation: You are covered in fur. (AC +1) [Xom's
                  | grace]
  3914 | D:1      | Gained mutation: Your flesh is very heat resistant. (rF++)
                  | [Xom's grace]
  4177 | D:2      | Found a faded altar of an unknown god.
  4239 | D:2      | You fall into a shaft and drop 1 floor!
  4381 | D:3      | Found Moucw's Weapon Emporium.
  4398 | D:3      | Reached skill level 2 in Stealth
  4399 | D:3      | Reached XP level 4. HP: 25/32 MP: 4/4
  4402 | D:3      | Reached skill level 3 in Stealth
  4403 | D:3      | Noticed a steam dragon
  4407 | D:3      | Killed a steam dragon
  4408 | D:3      | Reached skill level 4 in Stealth
  4408 | D:3      | Reached XP level 5. HP: 17/37 MP: 5/5
  4408 | D:3      | Reached XP level 6. HP: 20/43 MP: 6/6
  4414 | D:3      | Found an ancient bone altar of Kikubaaqudgha.
  4445 | D:3      | Found a snail-covered altar of Cheibriados.
  4497 | D:3      | XOM: cloud trail
  4588 | D:3      | Found a sparkling altar of Nemelex Xobeh.
  4749 | D:3      | Found a glowing drain.
  4754 | Sewer    | Entered a sewer
  4932 | Sewer    | Reached skill level 5 in Stealth
  5023 | Sewer    | XOM: cloud trail
  5219 | Sewer    | XOM: 4-stop teleportation journey
  5271 | D:3      | Reached XP level 7. HP: 43/49 MP: 7/7
  5390 | D:3      | XOM: give mutation
  5390 | D:3      | Gained mutation: Your mind is acute. (Int +4, Str/Dex -1)
                  | [Xom's grace]
  6059 | D:2      | Found a glowing golden altar of the Shining One.
  6271 | D:4      | Reached skill level 6 in Stealth
  6364 | D:4      | Reached skill level 1 in Evocations
  6493 | D:4      | Noticed Edmund
  6500 | D:4      | Noticed Duvessa
  6503 | D:4      | Noticed Dowan
  6515 | D:4      | Duvessa changed into Duvessa the sky beast
  6515 | D:4      | Noticed Duvessa
  6515 | D:4      | XOM: polymorph Duvessa -> Duvessa the sky beast
  6531 | D:4      | Killed Edmund
  6532 | D:4      | Reached skill level 5 in Short Blades
  6551 | D:4      | Killed Duvessa the sky beast
  6551 | D:4      | XOM: chaos upgrade
  6552 | D:4      | Reached skill level 7 in Stealth
  6569 | D:4      | Killed Dowan
  6570 | D:4      | Reached XP level 8. HP: 12/54 MP: 8/8
  7054 | D:4      | Found a radiant altar of Vehumet.
  7602 | D:4      | Found a glowing silver altar of Zin.
  7663 | D:5      | Entered Level 5 of the Dungeon
  7663 | D:5      | Found a staircase to the Ecumenical Temple.
  7686 | D:5      | XOM: scenery: summon butterflies
  7880 | D:5      | Reached skill level 8 in Stealth
  7898 | D:5      | XOM: silly message
  7914 | D:5      | XOM: butterfly on damage
  7916 | D:5      | XOM: 2-stop teleportation journey
  7922 | D:5      | Reached skill level 5 in Fighting
  7931 | D:5      | Reached skill level 5 in Dodging
  7964 | D:5      | XOM: divination: detect creatures
  8372 | D:6      | Reached skill level 9 in Stealth
  8372 | D:6      | Reached XP level 9. HP: 61/61 MP: 9/9
  8435 | D:6      | Reached skill level 1 in Shields
  8725 | D:6      | XOM: god gift: book of Power
  8742 | D:6      | XOM: 5-stop teleportation journey
  9113 | D:6      | XOM: god gift: potion of heal wounds
  9427 | D:6      | XOM: give mutations
  9427 | D:6      | Gained mutation: Your flesh is almost immune to the effects
                  | of heat. (rF+++) [Xom's grace]
  9427 | D:6      | Gained mutation: You are covered in thick fur. (AC +2)
                  | [Xom's grace]
  9427 | D:6      | Gained mutation: You have a beak for a mouth. [Xom's grace]
  9486 | D:7      | Identified the +10 dagger of the Endless Realms {drain,
                  | rPois rC+}
  9542 | D:7      | XOM: divination: detect creatures
  9577 | D:7      | Found a stormy altar of Qazlal.
  9613 | D:7      | Found a hazy altar of Hepliaklqana.
  9667 | D:7      | Found a blossoming altar of Fedhas.
  9730 | D:7      | XOM: god gift: 26 gold pieces
 10061 | D:8      | Found a flagged portal.
 10075 | Bailey   | Entered a bailey
 10110 | Bailey   | Noticed an orc knight
 10114 | Bailey   | XOM: destruction
 10120 | Bailey   | HP: 2/61 [orc warrior/+0 hand axe (19)]
 10121 | Bailey   | XOM: divination: detect items
 10123 | Bailey   | Mangled by an orc warrior

Illustrated notes

Levels and vault maps discovered:
D:1:      minmay_arrival_solitary_statue, layout_basic, kennysheep_flooded_box
D:2:      layout_loops_ring, basic_altar, shapermc_ecumenical_altar_venn
D:3:      layout_basic, mainiacjoe_overflow_cross_hatched,
          kennysheep_slug_shrine, nemelex_dance_club_becter, serial_shops,
          nicolae_shop_advertising_works [nicolae_subvault_shop_adworks],
          portal_sewer_entry_e, kennysheep_generic_room_16
D:4:      layout_basic, zin_scriptorium, kennysheep_mini_moat,
          minmay_misc_feat_x, dk_noncrumbling_2, uniq_edmund, uniq_duvessa
D:5:      layout_basic, minmay_temple_entry_statues_fountains
D:6:      layout_loops_ring, lexackson_kobold_supper
D:7:      layout_loops_ring, mainiacjoe_overflow_six_doors_small,
          mainiacjoe_overflow_big_doors
D:8:      layout_loops_ring, tso_altar, xom_confusion_cloud, enter_bailey_5,
          chequers_serial_rivers_room_b, uniq_joseph
Bailey:   bailey_axe_minmay_hex_keep, bailey

Skill      XL: |  1  2  3  4  5  6  7  8  9 |
---------------+----------------------------+-----
Stealth        | 1 2 4 5 7 9 |  9.8
Dodging        | 3 4 5 |  5.9
Short Blades   | 4 5 6 |  6.3
Fighting       | 4 5 |  5.6
Evocations     | 2 3 4 |  4.4
Shields        | 1 |  1.3

Action                     |  1- 3 |  4- 6 |  7- 9 || total
---------------------------+-------+-------+-------++-------
  Melee: Short sword       |    84 |   103 |    50 ||   237
         Constrict         |    20 |    22 |    30 ||    72
         Tentacles         |    16 |    22 |    61 ||    99
         Punch             |     1 |     3 |     5 ||     9
         Dagger            |       |       |   218 ||   218
         Peck              |       |       |     2 ||     2
  Evoke: Wand              |       |       |     5 ||     5
    Use: Potion            |     1 |       |     3 ||     4
         Scroll            |       |     4 |     5 ||     9
   Stab: Sleeping          |     6 |    14 |    27 ||    47
         Paralysed         |     1 |       |       ||     1
         Distracted        |       |       |     1 ||     1
         Invisible         |       |       |     1 ||     1
 Armour: Skin              |    33 |    32 |   118 ||   183
  Dodge: Dodged            |    52 |    89 |   107 ||   248
  Block: Buckler           |       |     1 |    31 ||    32

Table legend: (Time is in decaauts)
 A = Elapsed time spent in this place.
 B = Non-inter-level travel time spent in this place.
 C = Inter-level travel time spent in this place.
 D = Time resting spent in this place.
 E = Time spent auto-exploring this place.
 F = Levels seen in this place.
 G = Mean time per level.
                   A        B        C        D        E       F      G
               +--------+--------+--------+--------+--------+-----+--------+
         Total |  10030 |   9762 |    268 |   3600 |   4847 |  10 | 1003.0 |
       Dungeon |   9501 |   9233 |    268 |   3600 |   4556 |   8 | 1187.6 |
         Sewer |    485 |    485 |      0 |      0 |    280 |   1 |  485.0 |
        Bailey |     43 |     43 |      0 |      0 |     11 |   1 |   43.0 |
               +--------+--------+--------+--------+--------+-----+--------+

Top non-repeatable levels by time:
     D:1: 4003 daAuts
     D:4: 1463 daAuts
     D:6: 1242 daAuts
     D:3: 893 daAuts
     D:2: 762 daAuts
     D:7: 577 daAuts
     D:5: 544 daAuts
   Sewer: 485 daAuts
  Bailey: 43 daAuts
     D:8: 13 daAuts
